 Dungeon Crawl Stone Soup version 0.23.2-33-g5129a83184 (webtiles) character file.

Game seed: 709846164642302353

179 Derp the Chopper (level 5, 0/42 HPs)
             Began as a Demonspawn Berserker on July 15, 2019.
             Was an Initiate of Gozag.
             Slain by a polar bear (23 damage)
             ... created by the rage of Trog
             ... on level 3 of the Dungeon.
             The game lasted 00:06:48 (2263 turns).

Derp the Chopper (Demonspawn Berserker)             Turns: 2263, Time: 00:06:49

Health: 0/42       AC:  9    Str: 18    XL:     5   Next: 33%
Magic:  14/14      EV: 10    Int:  9    God:    Gozag
Gold:   173        SH:  8    Dex: 17    Spells: 4/4 levels left

rFire    + . .     SeeInvis .   a - +0 hand axe
rCold    . . .     Gourm    .   k - +0 shield
rNeg     . . .     Faith    .   o - +0 chain mail
rPois    .         Spirit   .   (no helmet)
rElec    .         Reflect  .   (no cloak)
rCorr    +         Harm     .   (no gloves)
MR       .....                  (no boots)
Stlth    ..........             (no amulet)
HPRegen  0.14/turn              b - ring of magical power
MPRegen  0.14/turn              r - ring of resist corrosion

@: agile, hasted, very quick
A: talons 1, fire resistance 1, powered by death 1
a: Potion Petition, Call Merchant, Bribe Branch, Renounce Religion


You were on level 3 of the Dungeon.
You worshipped Gozag.
Gozag was aware of your devotion.
You were very hungry.

You visited 1 branch of the dungeon, and saw 3 of its levels.

You collected 215 gold pieces.
You paid 42 gold pieces to Gozag.

Inventory:

Hand Weapons
 a - a +0 hand axe (weapon)
Armour
 k - a +0 shield (worn)
 o - a +0 chain mail (worn)
Jewellery
 b - a ring of magical power (left hand)
 r - a ring of resist corrosion (right hand)
Wands
 j - a wand of acid (6)
Scrolls
 c - a scroll of blinking {unknown}
 d - 5 scrolls of identify
 i - a scroll of magic mapping {unknown}
 l - 4 scrolls of remove curse {unknown}
 m - 3 scrolls of teleportation {unknown}
 n - a scroll of fear {unknown}
Potions
 e - a potion of lignification {unknown}
 f - a potion of mutation {unknown}
 g - a potion of ambrosia {unknown}
 h - 3 potions of agility {unknown}
 p - 2 potions of flight {unknown}
 q - a potion of invisibility {unknown}
 s - a potion of magic {unknown}
 t - a potion of resistance {unknown}


   Skills:
 + Level 3.6 Fighting
 + Level 4.0 Axes
 + Level 2.7 Armour
 + Level 2.3 Dodging
 + Level 1.5 Shields


You had 4 spell levels left.
You didn't know any spells.
Your spell library was empty.

Dungeon Overview and Level Annotations

Branches:
Dungeon (3/15)

Altars:
Gozag
Qazlal
The Shining One


Innate Abilities, Weirdness & Mutations

You have sharp toenails.
Your flesh is heat resistant. (rF+)
You regenerate a little health from kills.


Message History

[c] - 0 gold - heal wounds, haste and agility Purchase which effect?
You feel much better.
You feel yourself speed up.
You feel agile all of a sudden.
The black bear rages.
The black bear bites you. The black bear closely misses you.
The black bear claws you. You block the polar bear's attack.
The polar bear claws you. x2; The polar bear bites you.
You block the polar bear's attack.
The polar bear claws you but does no damage.
You hit the polar bear. You claw the polar bear.
The polar bear is lightly wounded.
You hit the polar bear but do no damage.
The polar bear bites you. You block the polar bear's attack.
The polar bear barely misses you.
The black bear rages.
The polar bear bites you!!
Ouch! That really hurt!
You die...
Your body crumbles into a pile of gold.

≈≈≈≈..#....##.##...##.......#....
≈≈≈≈≈......####.....##......####.
.≈≈≈.........#.......#.>....# #.
.≈≈≈≈........#..._...##..[..####.
.≈≈≈≈.##(..###.......##.#'##.....
≈≈≈≈.........##.....##....##.....
≈≈≈≈.≈######.###...##......#....(
≈≈≈≈..# #.#.#####...(...#.....
≈.≈≈.≈### #.#.#@hh......(.......
≈..≈....# #.#.#h#h####.#.#......
........# #.#.#h#.# #.#.#......
........# #.#.#.#.####........#.
........# #.#.#.#...............
........# ##.#<..#.......#..##.##
........###.....##.......#...#.#
........'.......##.......#.#.#.#
........##......##.......#.....#


You could see 2 polar bears and 3 black bears.

Vanquished Creatures
  A hound (D:2)
  An orc priest (D:3)
  Terence (D:2)
  A howler monkey zombie (D:2)
  An adder (D:3)
  4 worms
  3 dart slugs
  A leopard gecko (D:1)
  4 orcs (D:3)
  5 bats
  A bat zombie (D:1)
  A giant cockroach (D:2)
  7 goblins
  5 hobgoblins
  7 kobolds
  A quokka (D:3)
  2 ball pythons (D:1)
  2 frilled lizards
  A leopard gecko zombie (D:1)
  A quokka skeleton (D:2)
  5 rats
55 creatures vanquished.

Notes
Turn   | Place    | Note
-------+----------+-------------------------------------------
     0 | D:1      | Derp the Demonspawn Berserker began the quest for the Orb.
     0 | D:1      | Reached XP level 1. HP: 18/18 MP: 1/1
   174 | D:1      | Gained mutation: You have sharp toenails. [demonic
                  | ancestry]
   174 | D:1      | Reached XP level 2. HP: 24/24 MP: 2/2
   186 | D:1      | Reached skill level 3 in Axes
   621 | D:1      | Found a glowing golden altar of the Shining One.
   853 | D:2      | Gained mutation: Your flesh is heat resistant. (rF+)
                  | [demonic ancestry]
   853 | D:2      | Reached XP level 3. HP: 12/29 MP: 3/3
  1011 | D:2      | Noticed Terence
  1016 | D:2      | Killed Terence
  1016 | D:2      | Reached XP level 4. HP: 18/35 MP: 4/4
  1285 | D:2      | Found a stormy altar of Qazlal.
  1599 | D:2      | Noticed a phantom
  1795 | D:3      | Reached ** piety under Trog
  1820 | D:3      | Found a faded altar of an unknown god.
  1906 | D:3      | Found an opulent altar of Gozag.
  1927 | D:3      | Fell from the grace of Trog
  1927 | D:3      | Became a worshipper of Gozag Ym Sagoz the Greedy
  2009 | D:3      | Reached skill level 1 in Shields
  2009 | D:3      | Gained mutation: You regenerate a little health from kills.
                  | [demonic ancestry]
  2009 | D:3      | Reached XP level 5. HP: 21/41 MP: 5/5
  2073 | D:3      | Reached skill level 4 in Axes
  2260 | D:3      | Noticed a black bear
  2260 | D:3      | Noticed a polar bear
  2260 | D:3      | Noticed a black bear
  2260 | D:3      | Noticed a polar bear
  2260 | D:3      | Noticed a black bear
  2263 | D:3      | Slain by a polar bear

Skill      XL: |  1  2  3  4  5 |
---------------+----------------+-----
Axes           | 3 4 |  4.0
Dodging        | 2 |  2.3
Armour         | 2 |  2.7
Shields        | 1 |  1.5
Fighting       | |  3.6

Action                   |  1- 3 |  4- 6 || total
-------------------------+-------+-------++-------
Melee: Hand axe          |    71 |   109 ||   180
       Kick              |    15 |    28 ||    43
Invok: Berserk           |       |     1 ||     1
       Potion Petition   |       |     1 ||     1
  Use: Scroll            |       |     2 ||     2
  Eat: Ration            |       |     1 ||     1
       Chunk             |       |     1 ||     1
Armor: Animal skin       |    15 |       ||    15
       Ring mail         |    22 |       ||    22
       Chain mail        |       |    46 ||    46
Dodge: Dodged            |    36 |    15 ||    51
Block: Shield            |    18 |    42 ||    60
